 Dungeon Crawl Stone Soup version 0.30-a0-743-gbfdf073431 (webtiles) character file.

Game seed: 5486643535213155919

341 Dittersdorf the Shield-Bearer (level 6, -1/40 HPs)
             Began as a Gargoyle Fighter on Feb 7, 2023.
             Slain by a gnoll sergeant
             ... wielding a +0 spear
              (2 damage)
             ... on level 3 of the Dungeon.
             The game lasted 00:02:56 (2068 turns).

Dittersdorf the Shield-Bearer (Gargoyle Fighter)    Turns: 2068, Time: 00:02:56

Health: -1/40      AC: 13    Str: 21    XL:     6   Next: 56%
Magic:  6/6        EV:  9    Int:  9    God:
Gold:   213        SH:  4    Dex:  9    Spells: 5/5 levels left

rFire   . . .      SeeInvis .    l - +0 morningstar
rCold   . . .      Faith    .    c - +0 buckler
rNeg    + . .      Spirit   .    b - +0 scale mail
rPois   ∞          Reflect  .    o - +1 helmet
rElec   +          Harm     .    (no cloak)
rCorr   .          Rampage  .    (no gloves)
Will    .....                    (no boots) Stlth
                                 (no amulet)
HPRegen 0.26/turn                (no ring)
MPRegen 0.10/turn                (no ring)

@: no status effects
A: sickness immunity, AC +4, negative energy resistance 1, electricity
resistance, torment resistance 1, petrification resistance
a: no special abilities


You were on level 3 of the Dungeon.
You visited 1 branch of the dungeon, and saw 3 of its levels.

You collected 213 gold pieces.

Inventory:

Hand Weapons
 l - a +0 morningstar (weapon)
Missiles
 n - 13 poisoned darts (quivered)
Armour
 b - a +0 scale mail (worn)
 c - a +0 buckler (worn)
 o - a +1 helmet (worn)
Scrolls
 a - 2 scrolls of identify {unknown}
 e - 5 scrolls of teleportation {unknown}
 g - a scroll of noise {unknown}
 i - 4 scrolls of amnesia {unknown}
 j - 2 scrolls of blinking {unknown}
 k - 2 scrolls of enchant armour {unknown}
Potions
 d - 2 potions of might
 f - a potion of magic {unknown}
 h - 2 potions of attraction {unknown}
 m - a potion of berserk rage {unknown}


   Skills:
 + Level 4.8 Fighting
 + Level 3.7 Maces & Flails
 + Level 4.7 Armour
 + Level 4.8 Shields


You had 5 spell levels left.
You didn't know any spells.
Your spell library contained the following spells:

 Spells                   Type           Power      Damage    Failure   Level
 Hailstorm                Conj/Ice       0%         3d3       99%         3
 Ice Form                 Ice/Tmut       0%         N/A       100%        4
 Simulacrum               Ice/Necr       0%         N/A       100%        6


Dungeon Overview and Level Annotations

Branches:
Dungeon (3/15)

Altars:

Shops:
D:1 *

Annotations:
D:3 1 runed translucent door, Crazy Yiuf


Innate Abilities, Weirdness & Mutations

You are immune to sickness and miasma.
Your stone body is resilient. (AC +4)
You are immune to poison.
You resist negative energy. (rN+)
You are resistant to electric shocks. (rElec)
You are resistant to unholy torment.
You are immune to petrification.


Message History

You hit the gnoll sergeant.
The gnoll sergeant is moderately wounded.
You block the hobgoblin's attack.
The gnoll sergeant hits you but does no damage.
You hit the gnoll sergeant but do no damage.
The gnoll sergeant is moderately wounded.
The hobgoblin hits you. The gnoll sergeant closely misses you.
You barely miss the gnoll sergeant.
The gnoll sergeant is moderately wounded.
The gnoll sergeant hits you with a +0 spear.
The hobgoblin hits you but does no damage.
The hobgoblin barely misses you.
The gnoll sergeant hits you with a +0 spear.
You barely miss the gnoll sergeant.
The gnoll sergeant is moderately wounded.
The hobgoblin hits you but does no damage.
The gnoll sergeant hits you with a +0 spear.
You barely miss the gnoll sergeant.
The gnoll sergeant is moderately wounded.
The hobgoblin closely misses you. You block the gnoll sergeant's attack.
You closely miss the gnoll sergeant.
The gnoll sergeant is moderately wounded.
The gnoll sergeant hits you with a +0 spear.
You block the hobgoblin's attack. The hobgoblin barely misses you.
The gnoll sergeant hits you with a +0 spear!
* * * LOW HITPOINT WARNING * * *
You puncture the gnoll sergeant!
The gnoll sergeant is severely wounded.
You block the hobgoblin's attack.
The gnoll sergeant hits you with a +0 spear.
* * * LOW HITPOINT WARNING * * *
You closely miss the gnoll sergeant.
The gnoll sergeant is severely wounded.
The hobgoblin hits you.
* * * LOW HITPOINT WARNING * * *
You block the gnoll sergeant's attack.
You hit the gnoll sergeant.
The gnoll sergeant is almost dead.
The gnoll sergeant hits you with a +0 spear.
You die...

..... .. .[.. . ...
..######## #.#.......
###.#.g... #...#..#
#####...'..#
#.@gg.###..#
#.#.###g##....#.....
#........)..#.#.......
#..#######.##.########
#.....))##.#....#
#.########.#.####
#.##...######...#
#>..............#
#####
######.########.##
#....


You could see a gnoll sergeant, a hobgoblin and a goblin.

Vanquished Creatures
  Sigmund (D:3)
  An ogre (D:3)
  Robin (D:3)
  An adder (D:2)
  A worm (D:3)
  2 dart slugs
  9 orcs
  7 endoplasms
  9 goblins
  7 hobgoblins
  4 quokkas
  4 ball pythons
  4 bats
  2 frilled lizards (D:2)
  5 kobolds
  7 rats
65 creatures vanquished.

Notes
Turn   | Place    | Note
-------+----------+-------------------------------------------
     0 | D:1      | Dittersdorf the Gargoyle Fighter began the quest for the
                  | Orb.
     0 | D:1      | Reached XP level 1. HP: 14/14 MP: 1/1
   112 | D:1      | Reached XP level 2. HP: 19/19 MP: 2/2
   392 | D:1      | Found Lamar's Assorted Antiques.
   677 | D:2      | Reached XP level 3. HP: 23/23 MP: 3/3
  1181 | D:2      | Reached XP level 4. HP: 29/29 MP: 4/4
  1457 | D:3      | Noticed Sigmund
  1575 | D:3      | Killed Sigmund
  1576 | D:3      | Reached XP level 5. HP: 27/34 MP: 5/5
  1576 | D:3      | Reached XP level 6. HP: 31/39 MP: 6/6
  1823 | D:3      | Found a runed translucent door.
  1824 | D:3      | Noticed Crazy Yiuf
  1927 | D:3      | Noticed Robin
  1937 | D:3      | Killed Robin
  2067 | D:3      | HP: 1/40 [hobgoblin (3)]
  2068 | D:3      | Slain by a gnoll sergeant

Illustrated notes

Levels and vault maps discovered:
D:1:      minmay_arrival_three_doors, layout_basic, serial_shops, shop_coins
D:2:      layout_basic
D:3:      layout_basic, kennysheep_generic_room_11, uniq_robin,
          uniq_crazy_yiuf_cottage, uniq_sigmund

Skill      XL: |  1  2  3  4 |
---------------+-------------+-----
Shields        | 4 |  4.8
Fighting       | 4 |  4.8
Maces & Flails | 3 |  3.7
Armour         | 4 |  4.7

Action                     |  1- 3 |  4- 6 || total
---------------------------+-------+-------++-------
  Melee: Flail             |    71 |       ||    71
         Morningstar       |    58 |    98 ||   156
 Armour: Scale mail        |    76 |    56 ||   132
  Dodge: Dodged            |    73 |    54 ||   127
  Block: Buckler           |    36 |    31 ||    67

Table legend: (Time is in decaauts)
 A = Elapsed time spent in this place.
 B = Non-inter-level travel time spent in this place.
 C = Inter-level travel time spent in this place.
 D = Time resting spent in this place.
 E = Time spent auto-exploring this place.
 F = Levels seen in this place.
 G = Mean time per level.
                   A        B        C        D        E       F      G
               +--------+--------+--------+--------+--------+-----+--------+
         Total |   2150 |   2053 |     97 |    198 |   1313 |   3 |  716.7 |
       Dungeon |   2150 |   2053 |     97 |    198 |   1313 |   3 |  716.7 |
               +--------+--------+--------+--------+--------+-----+--------+

Top non-repeatable levels by time:
     D:2: 889 daAuts
     D:3: 654 daAuts
     D:1: 605 daAuts
